BLB
DALLAS DRILLERS @ INDIANAPOLIS CLOWNS
08/15/2059
 
TOP OF THE 1ST
Dallas Drillers batting - Pitching for Indianapolis Clowns : LHP Rahjon Anderson
Pitching: LHP Rahjon Anderson
Batting: RHB Aubrey Albano 0-0: Ball
1-0: Called Strike
1-1: Ball
2-1: Ground out 6-3 (Groundball, 56D, EV 104.4 MPH)
Batting: RHB Jehvon Curry 0-0: Ball
1-0: Foul Ball, location: 2F
1-1: Fly out, F7 (Flyball, 78D, EV 100.0 MPH)
Batting: SHB Cooper Heizer 0-0: SINGLE (Line Drive, 3D, EV 95.6 MPH)
Batting: RHB Julian Irwin 0-0: Ball
1-0: Called Strike
1-1: Ball
2-1: SINGLE (Line Drive, 8RS, EV 106.9 MPH)
Cooper Heizer to second
Runner from 2nd tries for 3rd, OUT! 8-5
Top of the 1st over - 0 runs, 2 hits, 0 errors, 1 left on base; Dallas 0 - Indianapolis 0
BOTTOM OF THE 1ST
Indianapolis Clowns batting - Pitching for Dallas Drillers : LHP Dawson Lamb
Pitching: LHP Dawson Lamb
Batting: RHB Bryant Francis 0-0: Foul Ball, location: 2F
0-1: Ball
1-1: Ground out 6-3 (Groundball, 6MD, EV 86.2 MPH)
Batting: RHB Tom Holderness 0-0: Ball
1-0: Swinging Strike
1-1: Ball
2-1: Foul Ball, location: 2F
2-2: Foul Ball, location: 2F
2-2: Foul Ball, location: 2F
2-2: Ground out 5-3 (Groundball, 5, EV 84.4 MPH)
Batting: RHB Jett Speer 0-0: Called Strike
0-1: Foul Ball, location: 2F
0-2: Strikes out swinging
Bottom of the 1st over - 0 runs, 0 hits, 0 errors, 0 left on base; Dallas 0 - Indianapolis 0
TOP OF THE 2ND
Dallas Drillers batting - Pitching for Indianapolis Clowns : LHP Rahjon Anderson
Batting: RHB Latif Won 0-0: Swinging Strike
0-1: Foul Ball, location: 2F
0-2: Strikes out swinging
Batting: RHB Pat Trumbo 0-0: Ball
1-0: Called Strike
1-1: Foul Ball, location: 2F
1-2: Foul Ball, location: 2F
1-2: Strikes out looking
Batting: RHB Sean Kovacevic 0-0: Foul Ball, location: 2F
0-1: Ball
1-1: Foul Ball, location: 2F
1-2: Strikes out swinging
Top of the 2nd over - 0 runs, 0 hits, 0 errors, 0 left on base; Dallas 0 - Indianapolis 0
BOTTOM OF THE 2ND
Indianapolis Clowns batting - Pitching for Dallas Drillers : LHP Dawson Lamb
Batting: RHB Lee Vincent 0-0: Ball
1-0: SINGLE (Line Drive, 6D, EV 106.2 MPH)
Batting: LHB Sean Hayward 0-0: Foul Ball, location: 2F
0-1: Swinging Strike
0-2: Ball
1-2: Ball
2-2: Ball
Pickoff Throw to First - Out! 1-3
3-2: Ground out 6-3 (Groundball, 6, EV 104.4 MPH)
Batting: LHB Elias Owen 0-0: Ball
1-0: Foul Ball, location: 2F
1-1: Ball
2-1: Bunted foul
2-2: Ground out 1-3 (Groundball, 25, EV 70.6 MPH)
Bottom of the 2nd over - 0 runs, 1 hit, 0 errors, 0 left on base; Dallas 0 - Indianapolis 0
TOP OF THE 3RD
Dallas Drillers batting - Pitching for Indianapolis Clowns : LHP Rahjon Anderson
Batting: RHB Maurice Johnson 0-0: Ball
1-0: Called Strike
1-1: Ball
2-1: Ball
3-1: Swinging Strike
3-2: Strikes out swinging
Batting: RHB Markel Crawford 0-0: Ball
1-0: Ball
2-0: Foul Ball, location: 2F
2-1: SINGLE (Line Drive, 9S, EV 89.4 MPH)
Batting: RHB Aubrey Albano 0-0: SINGLE (Line Drive, 5L, EV 104.4 MPH)
Markel Crawford to second
Batting: RHB Jehvon Curry 0-0: Ball
1-0: Ball
2-0: DOUBLE (Line Drive, 7LM, EV 100.6 MPH)
Markel Crawford scores
Aubrey Albano to third
Batting: SHB Cooper Heizer 0-0: Foul Ball, location: 2F
0-1: Called Strike
0-2: Ball
1-2: Strikes out swinging
Batting: RHB Julian Irwin 0-0: Called Strike
0-1: Foul Ball, location: 2F
0-2: Foul Ball, location: 2F
0-2: Ball
1-2: Ball
2-2: Strikes out looking
Top of the 3rd over - 1 run, 3 hits, 0 errors, 2 left on base; Dallas 1 - Indianapolis 0
BOTTOM OF THE 3RD
Indianapolis Clowns batting - Pitching for Dallas Drillers : LHP Dawson Lamb
Batting: RHB Blaise McFarland 0-0: Ball
1-0: Ball
2-0: Called Strike
2-1: Ground out 1-3 (Groundball, 13S, EV 68.1 MPH)
Batting: RHB Ashby Ellis 0-0: Swinging Strike
0-1: Swinging Strike
0-2: Fly out, F9 (Flyball, 9, EV 85.0 MPH)
Batting: RHB Jared Bradley 0-0: Ball
1-0: Foul Ball, location: 2F
1-1: SINGLE (Flyball, 9LS, EV 88.1 MPH)
Batting: RHB Bryant Francis 0-0: Called Strike
0-1: Ball
1-1: Ball
2-1: Foul Ball, location: 2F
2-2: Ball
3-2: DOUBLE (Line Drive, 89D, EV 109.4 MPH)
Jared Bradley to third
Jared Bradley scores
Batting: RHB Tom Holderness 0-0: Fly out, F7 (Flyball, 7LS, EV 89.4 MPH)
Bottom of the 3rd over - 1 run, 2 hits, 0 errors, 1 left on base; Dallas 1 - Indianapolis 1
TOP OF THE 4TH
Dallas Drillers batting - Pitching for Indianapolis Clowns : LHP Rahjon Anderson
Batting: RHB Latif Won 0-0: Called Strike
0-1: Foul Ball, location: 2F
0-2: Ball
1-2: Ball
2-2: Ball
3-2: Base on Balls
Batting: RHB Pat Trumbo 0-0: Ball
1-0: Fly out, F4 (Line Drive, 34, EV 73.8 MPH)
Batting: RHB Sean Kovacevic 0-0: Ball
1-0: Hit by Pitch
Latif Won to second
Batting: RHB Maurice Johnson 0-0: Called Strike
0-1: Ball
1-1: Fielders Choice at 2nd, 4-6 (Groundball, 34, EV 81.9 MPH)
Latif Won to third
Batting: RHB Markel Crawford 0-0: Foul Ball, location: 2F
0-1: Foul Ball, location: 2F
0-2: Ball
1-2: Strikes out swinging
Top of the 4th over - 0 runs, 0 hits, 0 errors, 2 left on base; Dallas 1 - Indianapolis 1
BOTTOM OF THE 4TH
Indianapolis Clowns batting - Pitching for Dallas Drillers : LHP Dawson Lamb
Batting: RHB Jett Speer 0-0: Called Strike
0-1: Ball
1-1: Foul Ball, location: 2F
1-2: Ball
2-2: Ball
3-2: Ground out 6-3 (Groundball, 6MD, EV 83.8 MPH)
Batting: RHB Lee Vincent 0-0: Ball
1-0: Swinging Strike
1-1: Foul Ball, location: 2F
1-2: Ball
2-2: Ball
3-2: Strikes out swinging
Batting: LHB Sean Hayward 0-0: Called Strike
0-1: Ground out 4-3 (Groundball, 4MD, EV 90.0 MPH)
Bottom of the 4th over - 0 runs, 0 hits, 0 errors, 0 left on base; Dallas 1 - Indianapolis 1
TOP OF THE 5TH
Dallas Drillers batting - Pitching for Indianapolis Clowns : LHP Rahjon Anderson
Batting: RHB Aubrey Albano 0-0: Ball
1-0: Called Strike
1-1: Foul Ball, location: 2F
1-2: Strikes out swinging
Batting: RHB Jehvon Curry 0-0: Called Strike
0-1: Ground out 4-3 (Groundball, 4, EV 80.0 MPH)
Batting: SHB Cooper Heizer 0-0: Foul Ball, location: 2F
0-1: Ball
1-1: Called Strike
1-2: Ball
2-2: Ball
3-2: Strikes out swinging
Top of the 5th over - 0 runs, 0 hits, 0 errors, 0 left on base; Dallas 1 - Indianapolis 1
BOTTOM OF THE 5TH
Indianapolis Clowns batting - Pitching for Dallas Drillers : LHP Dawson Lamb
Batting: LHB Elias Owen 0-0: Called Strike
0-1: Ground out 5-3 (Groundball, 56, EV 84.4 MPH)
Batting: RHB Blaise McFarland 0-0: Called Strike
0-1: Ball
1-1: Ball
2-1: Ball
3-1: Fly out, F7 (Flyball, 78M, EV 98.1 MPH)
Batting: RHB Ashby Ellis 0-0: Ball
1-0: DOUBLE (Line Drive, 9LS, EV 99.4 MPH)
Batting: RHB Jared Bradley 0-0: Ball
1-0: Called Strike
1-1: Ball
2-1: Swinging Strike
2-2: Strikes out looking
Bottom of the 5th over - 0 runs, 1 hit, 0 errors, 1 left on base; Dallas 1 - Indianapolis 1
TOP OF THE 6TH
Dallas Drillers batting - Pitching for Indianapolis Clowns : LHP Rahjon Anderson
Batting: RHB Julian Irwin 0-0: SINGLE (Line Drive, 7LM, EV 111.2 MPH)
Batting: RHB Latif Won 0-0: Ball
1-0: Called Strike
1-1: SINGLE (Line Drive, 9S, EV 110.0 MPH)
Julian Irwin to second
Batting: RHB Pat Trumbo 0-0: Ball
1-0: Ball
2-0: Foul Ball, location: 2F
2-1: Grounds into double play, 5-4-3 (Groundball, 56S, EV 81.9 MPH)
Julian Irwin to third
Batting: RHB Sean Kovacevic 0-0: Ball
1-0: Foul Ball, location: 2F
1-1: Ball
2-1: Foul Ball, location: 2F
2-2: Strikes out swinging
Top of the 6th over - 0 runs, 2 hits, 0 errors, 1 left on base; Dallas 1 - Indianapolis 1
BOTTOM OF THE 6TH
Indianapolis Clowns batting - Pitching for Dallas Drillers : LHP Dawson Lamb
Batting: RHB Bryant Francis 0-0: Ball
1-0: Ball
2-0: Ball
3-0: Called Strike
3-1: SINGLE (Groundball, 34D, EV 98.8 MPH)
Batting: RHB Tom Holderness 0-0: Grounds into double play, 5-4-3 (Groundball, 56S, EV 82.5 MPH)
Batting: RHB Jett Speer 0-0: Called Strike
0-1: Ball
1-1: Ball
2-1: Ground out 6-3 (Groundball, 6, EV 101.9 MPH)
Bottom of the 6th over - 0 runs, 1 hit, 0 errors, 0 left on base; Dallas 1 - Indianapolis 1
TOP OF THE 7TH
Dallas Drillers batting - Pitching for Indianapolis Clowns : LHP Rahjon Anderson
Pitching: RHP Kristofer Humberto
Batting: RHB Maurice Johnson 0-0: Ground out 1-3 (Groundball, 13S, EV 70.0 MPH)
Batting: RHB Markel Crawford 0-0: Ball
1-0: Called Strike
1-1: Swinging Strike
1-2: Strikes out swinging
Batting: RHB Aubrey Albano 0-0: Called Strike
0-1: Foul Ball, location: 2F
0-2: DOUBLE (Line Drive, 9LS, EV 87.5 MPH)
Batting: RHB Jehvon Curry 0-0: Ball
1-0: Fly out, F8 (Flyball, 8RD, EV 103.1 MPH)
Top of the 7th over - 0 runs, 1 hit, 0 errors, 1 left on base; Dallas 1 - Indianapolis 1
BOTTOM OF THE 7TH
Indianapolis Clowns batting - Pitching for Dallas Drillers : LHP Dawson Lamb
Batting: RHB Lee Vincent 0-0: Ball
1-0: DOUBLE (Line Drive, 7LS, EV 92.5 MPH)
Pitching: LHP Xander Crosby
Batting: LHB Sean Hayward 0-0: Ball
1-0: Ball
2-0: Ball
3-0: Called Strike
3-1: Base on Balls
Pinch Runner at 2nd Sean Barrett:
Batting: LHB Elias Owen 0-0: Bunted foul
0-1: Ball
1-1: Bunted foul
1-2: Fly out, F7 (Flyball, 7LD, EV 89.4 MPH)
Runner from 2nd tags up, SAFE at 3rd with throw by LF
Batting: RHB Blaise McFarland 0-0: Called Strike
0-1: Foul Ball, location: 2F
0-2: Strikes out looking
Batting: RHB Ashby Ellis 0-0: Called Strike
0-1: Ball
1-1: Ball
2-1: Ground out 6-3 (Groundball, 6S, EV 71.9 MPH)
Bottom of the 7th over - 0 runs, 1 hit, 0 errors, 2 left on base; Dallas 1 - Indianapolis 1
TOP OF THE 8TH
Dallas Drillers batting - Pitching for Indianapolis Clowns : RHP Kristofer Humberto
Batting: SHB Cooper Heizer 0-0: Called Strike
0-1: SINGLE (Groundball, 56D, EV 98.8 MPH)
Batting: RHB Julian Irwin 0-0: Called Strike
Cooper Heizer steals 2nd base (no throw)
0-1: Ball
1-1: Ball
2-1: Called Strike
2-2: Foul Ball, location: 2F
2-2: Strikes out swinging
Pitching: RHP Joey Fleury
Batting: RHB Latif Won 0-0: Swinging Strike
0-1: Foul Ball, location: 2F
0-2: Strikes out swinging
Pinch Hitting: LHB Ed Baker 0-0: Ball
1-0: Ball
2-0: Swinging Strike
2-1: Called Strike
2-2: Strikes out swinging
Top of the 8th over - 0 runs, 1 hit, 0 errors, 1 left on base; Dallas 1 - Indianapolis 1
BOTTOM OF THE 8TH
Indianapolis Clowns batting - Pitching for Dallas Drillers : LHP Xander Crosby
Now in RF: Lukas Hart
Batting: RHB Jared Bradley 0-0: Ball
1-0: Called Strike
1-1: SINGLE (Line Drive, 7S, EV 92.5 MPH)
Batting: RHB Bryant Francis 0-0: Ball
1-0: Grounds into double play, 5-4-3 (Groundball, 56, EV 79.4 MPH)
Batting: RHB Tom Holderness 0-0: Called Strike
0-1: Ball
1-1: Ball
2-1: Ball
3-1: Swinging Strike
3-2: Base on Balls
Batting: RHB Jett Speer 0-0: Ball
1-0: Called Strike
1-1: Called Strike
1-2: Foul Ball, location: 2F
1-2: Strikes out swinging
Bottom of the 8th over - 0 runs, 1 hit, 0 errors, 1 left on base; Dallas 1 - Indianapolis 1
TOP OF THE 9TH
Dallas Drillers batting - Pitching for Indianapolis Clowns : RHP Joey Fleury
Batting: RHB Sean Kovacevic 0-0: Foul Ball, location: 2F
0-1: Called Strike
0-2: Foul Ball, location: 2F
0-2: Ball
1-2: SINGLE (Groundball, 56D, EV 100.6 MPH)
Batting: RHB Maurice Johnson 0-0: Swinging Strike
0-1: Bunted foul
0-2: Foul Ball, location: 2F
0-2: Ball
1-2: Fly out, F7 (Line Drive, 78M, EV 106.2 MPH)
Batting: RHB Markel Crawford 0-0: Ball
1-0: Ball
2-0: Swinging Strike
Passed Ball!
Sean Kovacevic to second
2-1: Ball
3-1: 2-RUN HOME RUN (Flyball, 78XD, EV 111.2 MPH), Distance : 437 ft
Pitching: RHP Cooper Welsh
Batting: RHB Aubrey Albano 0-0: Called Strike
0-1: Foul Ball, location: 2F
0-2: Foul Ball, location: 2F
0-2: SINGLE (Line Drive, 34, EV 104.4 MPH)
Batting: RHB Jehvon Curry 0-0: Ball
1-0: Grounds into double play, 6-4-3 (Groundball, 6, EV 76.2 MPH)
Top of the 9th over - 2 runs, 3 hits, 0 errors, 0 left on base; Dallas 3 - Indianapolis 1
BOTTOM OF THE 9TH
Indianapolis Clowns batting - Pitching for Dallas Drillers : LHP Xander Crosby
Pitching: RHP Tom Beard
Batting: RHB Sean Barrett 0-0: Swinging Strike
0-1: Ball
1-1: Ball
2-1: Swinging Strike
2-2: Strikes out swinging
Pitching: LHP Derek Bane
Batting: LHB Sean Hayward 0-0: Ball
1-0: Ground out 4-3 (Groundball, 4S, EV 65.0 MPH)
Batting: LHB Elias Owen 0-0: Called Strike
0-1: Called Strike
0-2: Ball
1-2: Ball
2-2: Foul Ball, location: 2F
2-2: Ball
3-2: Strikes out swinging
Bottom of the 9th over - 0 runs, 0 hits, 0 errors, 0 left on base; Dallas 3 - Indianapolis 1
Saturday, March 23rd , 2024 - OOTP Baseball 23.10 Build 110